 Dungeon Crawl Stone Soup version 0.28.0-53-g5a82cb258f (webtiles) character file.

Game seed: 17671131712649269595

21491 enile the Protected (level 12, -4/85 HPs)
             Began as a Gnoll Wanderer on May 27, 2022.
             Was a High Priest of Hepliaklqana.
             Slain by a black mamba (7 damage)
             ... on level 4 of the Lair of Beasts.
             The game lasted 00:33:27 (22248 turns).

enile the Protected (Gnoll Wanderer)               Turns: 22248, Time: 00:33:28

Health: -4/85      AC: 16    Str: 19      XL:     12   Next: 90%
Magic:  32/32      EV: 11    Int:  9 (11) God:    Hepliaklqana [*****.]
Gold:   321        SH:  0    Dex: 16      Spells: 21/26 levels left

rFire   + + +      SeeInvis .   j - +0 halberd
rCold   + . .      Faith    .   (shield currently unavailable)
rNeg    . . .      Spirit   .   C - +5 chain mail of Lethargy {Rampage rF+++ MP+9 Stlth-}
rPois   .          Reflect  .   (no helmet)
rElec   +          Harm     .   (no cloak)
rCorr   .          Rampage  +   (no gloves)
Will    .....                   (no boots)
Stlth   ..........              (no amulet)
HPRegen 0.24/turn               h - ring "Hilaem" {rElec rC+ Slay+2}
MPRegen 0.23/turn               N - +6 ring of strength

@: about to teleport
A: reduced essence, fangs 1, strong nose, distributed training
a: Renounce Religion, Recall Ancestor, Ancestor Identity, Transference, Idealise


You were on level 4 of the Lair of Beasts.
You worshipped Hepliaklqana.
Hepliaklqana was extremely pleased with you.
You visited 2 branches of the dungeon, and saw 14 of its levels.

You collected 777 gold pieces.
You spent 456 gold pieces at shops.

Inventory:

Hand Weapons
 a - a +4 falchion
 g - a +2 dagger of venom
 j - a +0 halberd (weapon)
 l - the +6 hand crossbow "Xiqif" {penet, rElec rPois rF++ Str-2}
   (You found it on level 1 of the Lair of Beasts)

   Any ammunition fired by it passes through the targets it hits, potentially
   hitting all targets in its path until it reaches maximum range.
   Str:       It affects your strength (-2).
   rF:        It greatly protects you from fire.
   rElec:     It insulates you from electricity.
   rPois:     It protects you from poison.
 t - a +4 scimitar
 u - a +1 mace of holy wrath
 v - a +4 mace
 A - a +3 short sword of venom
 G - a +0 vorpal hunting sling
 I - a +3 dire flail
 L - a +1 vorpal falchion
 M - the +5 mace "Gimuwk" {drain, rElec rC- Int+7 Dex+3}
   (You bought it in a shop on level 1 of the Dungeon)

   A truly terrible weapon, it drains the life of any living foe it strikes.
   Int:       It affects your intelligence (+7).
   Dex:       It affects your dexterity (+3).
   rC:        It makes you vulnerable to cold.
   rElec:     It insulates you from electricity.
Missiles
 m - 66 bolts
 n - 11 poisoned darts (quivered)
Armour
 c - a +0 leather armour
 w - a +1 robe of cold resistance
 z - a +1 leather armour of fire resistance
 C - the +5 chain mail of Lethargy (worn) {Rampage rF+++ MP+9 Stlth-}
   (You found it on level 9 of the Dungeon)

   rF:        It renders you almost immune to fire.
   MP:        It affects your magic capacity (+9).
   Rampage:   It bestows one free step when moving towards enemies.
   Stlth:     It makes you less stealthy.
Jewellery
 b - an amulet of faith
 d - a ring of positive energy
 h - the ring "Hilaem" (left hand) {rElec rC+ Slay+2}
   (You found it on level 2 of the Dungeon)

   [ring of protection from cold]

   Slay:      It affects your accuracy & damage with ranged weapons and melee
   (+2).
   rC:        It protects you from cold.
   rElec:     It insulates you from electricity.
 k - an amulet of magic regeneration
 y - a +6 ring of dexterity
 K - a ring of resist corrosion
 N - a +6 ring of strength (right hand)
Wands
 x - a wand of flame (44)
 B - a wand of iceblast (5)
 E - a wand of digging (6)
Scrolls
 e - 2 scrolls of fog
 f - 4 scrolls of teleportation
 o - 4 scrolls of magic mapping
 J - a scroll of vulnerability
Potions
 i - a potion of flight
 p - a potion of degeneration
 q - a potion of magic
 D - a potion of haste
 F - a potion of attraction
 O - a potion of might


   Skills:
 + Level 9.1 Fighting
 + Level 7.7 Short Blades
 + Level 10.2 Long Blades
 + Level 7.7 Axes
 + Level 7.7 Maces & Flails
 + Level 7.7 Polearms
 + Level 8.2 Staves
 + Level 7.7 Slings
 + Level 7.7 Bows
 + Level 7.7 Crossbows
 + Level 7.7 Throwing
 + Level 10.2 Armour
 + Level 7.7 Dodging
 + Level 7.7 Stealth
 + Level 7.7 Shields
 + Level 7.7 Unarmed Combat
 + Level 7.7 Spellcasting
 + Level 6.4 Conjurations
 + Level 6.4 Hexes
 + Level 6.4 Summonings
 + Level 6.4 Necromancy
 + Level 6.4 Translocations
 + Level 6.4 Transmutations
 + Level 6.4 Fire Magic
 + Level 6.4 Ice Magic
 + Level 6.4 Air Magic
 + Level 6.4 Earth Magic
 + Level 6.4 Poison Magic
 + Level 8.4 Invocations
 + Level 8.2 Evocations


You had 21 spell levels left.
You knew the following spells:

 Your Spells              Type           Power      Damage    Failure   Level
a - Passwall              Tmut/Erth      12%        N/A       16%         2
b - Mephitic Cloud        Conj/Pois/Air  15%        N/A       30%         3

Your spell library contained the following spells:

 Spells                   Type           Power      Damage    Failure   Level
 Animate Skeleton         Necr           30%        N/A       11%         1
 Apportation              Tloc           30%        N/A       11%         1
 Magic Dart               Conj           60%        1d6       11%         1
 Sandblast                Erth           30%        2d9       11%         1
 Summon Small Mammal      Summ           60%        N/A       11%         1
 Call Imp                 Summ           15%        N/A       16%         2
 Sublimation of Blood     Necr           15%        N/A       16%         2
 Frozen Ramparts          Ice            30%        1d5       30%         3
 Stone Arrow              Conj/Erth      30%        3d8       30%         3
 Fulminant Prism          Conj/Hex       7%         3d7       71%         4
 Ice Form                 Ice/Tmut       15%        N/A       71%         4
 Iskenderun's Mystic Bla  Conj/Tloc      15%        2d5       71%         4
 Petrify                  Tmut/Erth      15%        N/A       71%         4
 Summon Ice Beast         Ice/Summ       15%        N/A       71%         4
 Irradiate                Conj/Tmut      7%         3d16      96%         5
 Lee's Rapid Deconstruct  Erth           7%         3d8*      96%         5
 Dispersal                Tloc           7%         N/A       100%        6
 Disjunction              Tloc           7%         N/A       100%        8


Dungeon Overview and Level Annotations

Branches:
Dungeon (10/15)            Temple (0/1) D:6            Lair (4/6) D:10
 Spider (0/4) Lair:3
  Swamp: Lair:2-4    Shoals: Lair:2-4       Orc: D:9-12

Altars:
Elyvilon
Hepliaklqana
Kikubaaqudgha
Nemelex Xobeh
Ru
Sif Muna

Shops:
D:1 (!   D:2 *   D:3 (   D:9 !=

Annotations:
Lair:1 exclusion: oklob plant


Innate Abilities, Weirdness & Mutations

Your life essence is reduced to manifest your ancestor. (-10% HP)
You have very sharp teeth.
Your uncanny sense of smell can sniff out nearby items.
Your experience applies equally to all skills.


Message History

Confirm with . or Enter, or press ? or * to list all spells.
Okay, then.
Aiming: Charm
Press: ? - help, Shift-Dir - straight line, f - black mamba
Aim: a black mamba (chance to affect: 67%)
The black mamba struggles to resist.
The now-empty wand crumbles to dust.
The black mamba bites you.
* * * LOW HITPOINT WARNING * * *
Okay, then.
Okay, then.
Okay, then.
As you read the scroll of teleportation, it crumbles to dust.
You feel strangely unstable. The black mamba misses you.
The black mamba bites you but does no damage.
Okay, then.
The black mamba bites you!
* * * LOW HITPOINT WARNING * * *
Okay, then.
Okay, then.
Okay, then.
Okay, then.
Okay, then.
Okay, then.
Okay, then.
Okay, then.
Okay, then.
Okay, then.
Throw: dart (curare)
Press: ? - help, Q - select action, (/) - cycle Shift-Dir - straight line, f/p - black mamba
Aim: a black mamba (55% to hit)
You throw a curare-tipped dart.
The curare-tipped dart barely misses the black mamba.
The curare-tipped dart hits the water moccasin.
The black mamba closely misses you. The black mamba bites you.
* * * LOW HITPOINT WARNING * * *
The black mamba bites you.
* * * LOW HITPOINT WARNING * * *
The black mamba bites you!
You die...

#..... #....##
##.....
#.....# .
.....# #..
##....#P...
####..........
#@##..........
##S##.........
##S#.....^##.
##......##
##.....#
#.....#
#P#.### #####


You could see a black mamba and a water moccasin.

Vanquished Creatures
  A hydra (Lair:2)
  A catoblepas (Lair:2)
  Pikel (D:4)
  A cyclops (D:9)
  3 black mambas (Lair:2)
  A torpor snail (Lair:2)
  A cane toad (shapeshifter) (D:10)
  3 cane toads (Lair:1)
  A meliai (shapeshifter) (D:9)
  A troll (D:10)
  Grinder (D:3)
  A hornet (D:10)
  9 blink frogs
  12 yaks
  2 wyverns
  Eustachio (D:5)
  A steam dragon (D:10)
  A vampire mosquito (D:10)
  5 water moccasins
  A sky beast (D:8)
  An ice beast (D:7)
  Pargi (D:3)
  4 wolves
  2 centaurs
  A phantom (D:6)
  2 lemures
  2 kobold brigands
  4 bullfrogs
  5 scorpions
  A wyvern zombie (D:7)
  2 water moccasin skeletons
  6 killer bees
  7 wights
  2 howler monkeys
  2 orc priests
  5 hounds
  A gnoll shaman (D:10)
  A jelly (D:7)
  A centaur skeleton (D:4)
  An iguana (D:5)
  3 orc wizards
  A killer bee zombie (D:8)
  A hound skeleton (D:4)
  10 gnolls
  8 adders
  A howler monkey skeleton (D:5)
  A shadow imp (D:6)
  A white imp (D:8)
  2 adder skeletons
  2 worms
  2 dart slugs
  9 orcs
  4 endoplasms
  A giant cockroach (D:4)
  6 goblins
  5 hobgoblins
  3 quokkas
  10 ball pythons
  10 bats
  8 kobolds
  6 rats
193 creatures vanquished.

Vanquished Creatures (collateral kills)
  A two-headed ogre (D:6)
  A necromancer (D:10)
  A cyclops (D:9)
  A black mamba (Lair:1)
  2 gargoyles
  An unseen horror (D:10)
  5 blink frogs
  A wyvern (D:10)
  14 yaks
  Grum (D:8)
  A basilisk (Lair:2)
  Menkaure (D:5)
  A steam dragon (D:6)
  A vampire mosquito (D:10)
  Edmund (D:5)
  4 water moccasins
  An ice beast (D:6)
  A black bear (D:8)
  2 ogres
  2 wolves
  A centaur (D:10)
  A phantom (D:5)
  3 scorpions
  A bullfrog (Lair:2)
  5 killer bees
  10 wights
  A centaur zombie (D:8)
  A hound (D:6)
  An orc priest (D:10)
  2 centaur skeletons
  A gnoll shaman (D:9)
  An iguana (D:5)
  4 orc wizards
  A killer bee zombie (D:8)
  3 gnolls
  2 white imps
  3 orcs
  5 kobolds (D:9)
89 creatures vanquished.

Vanquished Creatures (others)
  A black bear (D:5)
  A bullfrog (Lair:2)
  7 knights
  A gnoll (D:10)
  2 ancestors (D:5)
  15 fungi
  54 plants
81 creatures vanquished.

Grand Total: 363 creatures vanquished

Notes
Turn   | Place    | Note
-------+----------+-------------------------------------------
     0 | D:1      | enile the Gnoll Wanderer began the quest for the Orb.
     0 | D:1      | enile set off with the following items: a +3 falchion, a +0
                  | quarterstaff, a +0 leather armour
     0 | D:1      | Reached XP level 1. HP: 20/20 MP: 1/1
    41 | D:1      | Found Anenat's Distillery.
    51 | D:1      | Found Fevioc's Antique Weapon Shop.
   171 | D:1      | Found Cuxkeps's Book Shoppe.
   348 | D:1      | Reached XP level 2. HP: 26/26 MP: 2/2
   743 | D:2      | Identified the ring "Hilaem" {rElec rC+ Slay+2}
   756 | D:2      | Reached XP level 3. HP: 21/31 MP: 3/3
  1050 | D:2      | Found Bueceot's Assorted Antiques.
  1070 | D:2      | Bought a scroll labelled SOSETS KOES for 19 gold pieces
  1070 | D:2      | Bought a scroll labelled QYUDGH FEZA for 19 gold pieces
  1106 | D:2      | Reached skill level 1 in Invocations
  1190 | D:2      | Reached skill level 1 in Short Blades
  1190 | D:2      | Reached skill level 1 in Axes
  1190 | D:2      | Reached skill level 1 in Maces & Flails
  1190 | D:2      | Reached skill level 1 in Polearms
  1190 | D:2      | Reached skill level 1 in Slings
  1190 | D:2      | Reached skill level 1 in Bows
  1190 | D:2      | Reached skill level 1 in Crossbows
  1190 | D:2      | Reached skill level 1 in Throwing
  1190 | D:2      | Reached skill level 1 in Dodging
  1190 | D:2      | Reached skill level 1 in Stealth
  1190 | D:2      | Reached skill level 1 in Shields
  1190 | D:2      | Reached skill level 1 in Unarmed Combat
  1190 | D:2      | Reached skill level 1 in Spellcasting
  1190 | D:2      | Reached XP level 4. HP: 35/38 MP: 5/5
  1336 | D:2      | Found a hazy altar of Hepliaklqana.
  1488 | D:2      | Became a worshipper of Hepliaklqana the Forgotten
  1512 | D:3      | Noticed Pargi
  1536 | D:3      | Killed Pargi
  1537 | D:3      | Reached skill level 1 in Conjurations
  1537 | D:3      | Reached skill level 1 in Hexes
  1537 | D:3      | Reached skill level 1 in Summonings
  1537 | D:3      | Reached skill level 1 in Necromancy
  1537 | D:3      | Reached skill level 1 in Translocations
  1537 | D:3      | Reached skill level 1 in Transmutations
  1537 | D:3      | Reached skill level 1 in Fire Magic
  1537 | D:3      | Reached skill level 1 in Ice Magic
  1537 | D:3      | Reached skill level 1 in Air Magic
  1537 | D:3      | Reached skill level 1 in Earth Magic
  1537 | D:3      | Reached skill level 1 in Poison Magic
  1537 | D:3      | Reached XP level 5. HP: 23/43 MP: 5/7
  1867 | D:3      | Found Novucol's Antique Weapon Boutique.
  1916 | D:3      | Found a sacrificial altar of Ru.
  2428 | D:3      | Noticed Grinder
  2436 | D:3      | Paralysed by Grinder for 6 turns
  2851 | D:3      | Reached XP level 6. HP: 50/50 MP: 8/8
  2861 | D:3      | Paralysed by Grinder for 6 turns
  2864 | D:3      | Killed Grinder
  2865 | D:3      | Reached skill level 5 in Fighting
  3148 | D:4      | Reached XP level 7. HP: 56/56 MP: 10/10
  3429 | D:4      | Noticed Pikel
  3559 | D:4      | Killed Pikel
  3560 | D:4      | Reached XP level 8. HP: 25/63 MP: 10/12
  3809 | D:4      | Reached * piety under Hepliaklqana
  4273 | D:4      | Found a white marble altar of Elyvilon.
  4442 | D:5      | Entered Level 5 of the Dungeon
  5263 | D:5      | Reached ** piety under Hepliaklqana
  5266 | D:5      | Noticed Eustachio
  5474 | D:6      | Remembered your ancestor Sosibius as a knight
  6022 | D:5      | Killed Eustachio
  6023 | D:5      | Reached XP level 9. HP: 50/62 MP: 14/14
  6272 | D:5      | Noticed Menkaure
  6283 | D:5      | Killed Menkaure
  6365 | D:5      | You fall into a shaft and drop 3 floors!
  6385 | D:8      | Reached skill level 5 in Staves
  6385 | D:8      | Reached skill level 5 in Evocations
  6402 | D:8      | Learned a level 2 spell: Passwall
  6518 | D:8      | Noticed Grum
  6528 | D:8      | Killed Grum
  6606 | D:8      | Reached skill level 5 in Invocations
  7416 | D:8      | Reached XP level 10. HP: 37/69 MP: 17/17
  7740 | D:8      | Found an ancient bone altar of Kikubaaqudgha.
  8297 | D:9      | Reached skill level 5 in Short Blades
  8297 | D:9      | Reached skill level 5 in Axes
  8297 | D:9      | Reached skill level 5 in Maces & Flails
  8297 | D:9      | Reached skill level 5 in Polearms
  8297 | D:9      | Reached skill level 5 in Slings
  8297 | D:9      | Reached skill level 5 in Bows
  8297 | D:9      | Reached skill level 5 in Crossbows
  8297 | D:9      | Reached skill level 5 in Throwing
  8297 | D:9      | Reached skill level 5 in Dodging
  8297 | D:9      | Reached skill level 5 in Stealth
  8297 | D:9      | Reached skill level 5 in Shields
  8297 | D:9      | Reached skill level 5 in Unarmed Combat
  8297 | D:9      | Reached skill level 5 in Spellcasting
  8496 | D:9      | Found Jiry's Distillery.
  8504 | D:9      | Bought a potion of haste for 130 gold pieces
  8504 | D:9      | Bought a potion of ambrosia for 104 gold pieces
  8534 | D:9      | Found Haxzeleu's Jewellery Boutique.
  8656 | D:9      | Found a shimmering blue altar of Sif Muna.
  9187 | D:9      | Identified the +5 chain mail of Lethargy {Rampage rF+++
                  | MP+9 Stlth-}
  9317 | D:9      | Noticed a cyclops
  9326 | D:9      | Killed a cyclops
  9346 | D:9      | Noticed a cyclops
  9756 | D:9      | Found a hazy altar of Hepliaklqana.
  9772 | D:9      | Noticed a gargoyle
  9806 | D:9      | Killed a cyclops
 10592 | D:9      | Killed a gargoyle
 10761 | D:10     | Entered Level 10 of the Dungeon
 10790 | D:10     | Noticed a necromancer
 10807 | D:10     | Killed a necromancer
 10945 | D:10     | Found a staircase to the Lair.
 11142 | D:10     | Killed an unseen horror
 11492 | D:10     | Reached *** piety under Hepliaklqana
 11747 | D:10     | Reached XP level 11. HP: 60/75 MP: 19/19
 12132 | D:10     | Reached skill level 5 in Conjurations
 12132 | D:10     | Reached skill level 5 in Hexes
 12132 | D:10     | Reached skill level 5 in Summonings
 12132 | D:10     | Reached skill level 5 in Necromancy
 12132 | D:10     | Reached skill level 5 in Translocations
 12132 | D:10     | Reached skill level 5 in Transmutations
 12132 | D:10     | Reached skill level 5 in Fire Magic
 12132 | D:10     | Reached skill level 5 in Ice Magic
 12132 | D:10     | Reached skill level 5 in Air Magic
 12132 | D:10     | Reached skill level 5 in Earth Magic
 12132 | D:10     | Reached skill level 5 in Poison Magic
 12643 | D:6      | Found a staircase to the Ecumenical Temple.
 13339 | D:6      | Noticed a two-headed ogre
 13353 | D:6      | Killed a two-headed ogre
 14467 | D:1      | Bought an ebony mace for 184 gold pieces
 14467 | D:1      | Identified the +5 mace "Gimuwk" {drain, rElec rC- Int+7
                  | Dex+3} (You bought it in a shop on level 1 of the Dungeon)
 14829 | D:5      | Noticed Edmund
 14836 | D:5      | Killed Edmund
 14892 | D:5      | Reached **** piety under Hepliaklqana
 15882 | D:10     | Found a sparkling altar of Nemelex Xobeh.
 16034 | D:10     | Noticed a centaur warrior
 16038 | D:10     | Noticed a salamander
 16038 | D:10     | a komodo dragon changed into a salamander
 16337 | Lair:1   | Entered Level 1 of the Lair of Beasts
 17270 | D:10     | HP: 3/77 [blink frog (9)]
 17276 | D:10     | Reached XP level 12. HP: 13/84 MP: 22/22
 18207 | Lair:1   | Learned a level 3 spell: Mephitic Cloud
 18334 | Lair:1   | Reached ***** piety under Hepliaklqana
 18748 | Lair:1   | Identified the +6 hand crossbow "Xiqif" {penet, rElec rPois
                  | rF++ Str-2}
 20296 | Lair:2   | Noticed a six-headed hydra
 20301 | Lair:2   | Killed a six-headed hydra
 20378 | Lair:2   | Noticed a catoblepas
 20409 | Lair:2   | Killed a catoblepas
 20410 | Lair:2   | Reached skill level 10 in Long Blades
 20410 | Lair:2   | Reached skill level 10 in Armour
 22141 | Lair:3   | Found a hole to the Spider Nest.
 22141 | Lair:3   | Noticed a boulder beetle
 22247 | Lair:4   | HP: 3/85 [black mamba (2)]
 22248 | Lair:4   | Slain by a black mamba

Illustrated notes

Levels and vault maps discovered:
D:1:      dpeg_arrival_boxes_within_box, layout_basic, serial_shops,
          nicolae_shop_temple_entry_statues_fountains, shop, shop,
          minmay_unequal
D:2:      layout_basic, serial_shops, shop, basic_altar
D:3:      layout_loops_ring, mainiacjoe_overflow_small_starburst, serial_shops,
          shop, serial_co_window_serial, co_window_of_opportunity_a,
          co_window_corner_a, co_window_of_opportunity_a, co_window_paths_b,
          co_window_corner_a, co_window_broadway_c, co_window_broadway_b,
          co_window_broadway_a, co_window_unsneaky_path_c,
          co_window_of_opportunity_c, glass_columns_a, uniq_pargi, uniq_grinder
D:4:      layout_rooms, mainiacjoe_overflow_24_doors, lightli_corner_chamber,
          uniq_pikel
D:5:      minmay_octagon_keep, layout_layer_cave, serial_rivers,
          chequers_serial_rivers_micro_a, chequers_serial_rivers_micro_b,
          chequers_serial_rivers_micro_c, chequers_serial_rivers_small_b,
          serial_bayou_lagoon_a, uniq_edmund, uniq_eustachio, uniq_menkaure
D:6:      layout_basic, minmay_temple_entry_proselytizer, corner_web_ring
D:7:      layout_gridville, nicolae_sextant
D:8:      layout_rooms, nicolae_kikubaaqudgha_miasma_corner, uniq_grum
D:9:      minmay_blocky_corners, layout_long_grid, nzn_hepliaklqana_mist_gate,
          tgw_sif, serial_shops, shop, minmay_shop_enchanted_jewellery
D:10:     minmay_slanted_spiral_squares, layout_stronghold,
          overflow_temple_1_default, lair_entry_dummy, serial_bayou_pond_d,
          minmay_librarian
Lair:1:   layout_long_grid, minmay_lair_oklob_bushes, small_statue_intersection,
          serial_bayou_shore_b
Lair:2:   layout_chaotic_city, serial_bayou_pond_b, grunt_megastairs_3
Lair:3:   layout_loops_ring, nicolae_spider_entry_non_spiders, st_stairs_7,
          infiniplex_staircase_pool_2
Lair:4:   layout_gridlike, minmay_swamp_entry_reptiles, serial_bayou_shore_a

Skill      XL: |  1  2  3  4  5  6  7  8  9 10 11 12 |
---------------+-------------------------------------+-----
Invocations    | 1 2 3 4 5 6 7 8 |  8.4
Short Blades   | 1 2 3 4 5 6 7 |  7.7
Axes           | 1 2 3 4 5 6 7 |  7.7
Maces & Flails | 1 2 3 4 5 6 7 |  7.7
Polearms       | 1 2 3 4 5 6 7 |  7.7
Slings         | 1 2 3 4 5 6 7 |  7.7
Bows           | 1 2 3 4 5 6 7 |  7.7
Crossbows      | 1 2 3 4 5 6 7 |  7.7
Throwing       | 1 2 3 4 5 6 7 |  7.7
Dodging        | 1 2 3 4 5 6 7 |  7.7
Stealth        | 1 2 3 4 5 6 7 |  7.7
Shields        | 1 2 3 4 5 6 7 |  7.7
Unarmed Combat | 1 2 3 4 5 6 7 |  7.7
Spellcasting   | 1 2 3 4 5 6 7 |  7.7
Staves         | 3 4 5 6 7 8 |  8.2
Conjurations   | 1 2 3 4 5 6 |  6.4
Hexes          | 1 2 3 4 5 6 |  6.4
Summonings     | 1 2 3 4 5 6 |  6.4
Necromancy     | 1 2 3 4 5 6 |  6.4
Translocations | 1 2 3 4 5 6 |  6.4
Transmutations | 1 2 3 4 5 6 |  6.4
Fire Magic     | 1 2 3 4 5 6 |  6.4
Ice Magic      | 1 2 3 4 5 6 |  6.4
Air Magic      | 1 2 3 4 5 6 |  6.4
Earth Magic    | 1 2 3 4 5 6 |  6.4
Poison Magic   | 1 2 3 4 5 6 |  6.4
Evocations     | 3 4 5 6 7 8 |  8.2
Fighting       | 5 6 7 8 9 |  9.1
Long Blades    | 7 8 9 10 | 10.2
Armour         | 7 8 9 10 | 10.2

Action                   |  1- 3 |  4- 6 |  7- 9 | 10-12 || total
-------------------------+-------+-------+-------+-------++-------
Melee: Falchion          |    17 |       |    43 |    46 ||   106
       Bite              |     4 |     4 |    40 |    66 ||   114
       Dagger            |    53 |    82 |   157 |   142 ||   434
       Punch             |       |     3 |     9 |    29 ||    41
       Halberd           |       |       |    29 |    75 ||   104
       Scimitar          |       |       |    36 |    45 ||    81
       Short sword       |       |       |       |    10 ||    10
       Mace              |       |       |       |    96 ||    96
       Dire flail        |       |       |       |    60 ||    60
 Fire: Hand crossbow     |       |       |       |    64 ||    64
Throw: Dart              |       |     2 |     2 |    12 ||    16
 Cast: Mephitic Cloud    |       |       |       |     4 ||     4
Invok: Recall Ancestor   |       |       |     5 |     7 ||    12
       Ancestor Life: Kn |       |       |     1 |       ||     1
       Idealise          |       |       |       |     1 ||     1
Evoke: Wand              |       |     3 |     6 |    16 ||    25
  Use: Scroll            |     1 |     1 |     5 |    17 ||    24
       Potion            |       |       |     1 |    15 ||    16
 Stab: Sleeping          |       |     4 |     4 |       ||     8
       Distracted        |       |       |     1 |     9 ||    10
Armor: Leather armour    |    28 |    24 |    45 |    10 ||   107
       Skin              |       |    10 |       |    34 ||    44
       Chain mail        |       |       |       |   259 ||   259
Dodge: Dodged            |    41 |    39 |   188 |   275 ||   543
